 Dungeon Crawl Stone Soup version 0.31-a0-263-ge8cad7f256 (webtiles) character file.

Game seed: 10702656960258811821

127 qw the Shooter (level 4, -2/37 HPs)
             Began as a Minotaur Hexslinger on July 13, 2023.
             Slain by a goblin
             ... wielding a +0 dagger
             ... led by Robin
              (3 damage)
             ... on level 2 of the Dungeon.
             The game lasted 00:00:38 (1192 turns).

qw the Shooter (Minotaur Hexslinger)                Turns: 1192, Time: 00:00:38

Health: -2/37      AC:  3    Str: 13    XL:     4   Next: 85%
Magic:  4/4        EV: 12    Int: 10    God:
Gold:   84         SH:  0    Dex: 14    Spells: 4/5 levels left

rFire   . . .        Y - +2 sling
rCold   . . .        (no shield)
rNeg    . . .        c - +0 robe
rPois   .            (helmet restricted)
rElec   .            (no cloak)
rCorr   .            a - +0 pair of gloves
SInv    .            (no boots)
Will    .....        (no amulet)
Stlth   +            (no ring)
HPRegen 0.26/turn    (no ring)
MPRegen 0.09/turn

%: no passive effects
@: no status effects
A: horns 2, retaliatory headbutt
a: no special abilities


You were on level 2 of the Dungeon.
You visited 1 branch of the dungeon, and saw 2 of its levels.

You collected 84 gold pieces.


Innate Abilities, Weirdness & Mutations

You have a pair of horns on your head.
You reflexively headbutt those who attack you in melee.


   Skills:
 + Level 2.8 Fighting
 - Level 5.0 Ranged Weapons
 - Level 2.1 Dodging
 - Level 1.0 Spellcasting
 - Level 2.0 Hexes


You had 4 spell levels left.
You knew the following spells:

 Your Spells              Type           Power      Damage    Failure   Level
a - Slow                  Hex            16%        N/A       16%         1

Your spell library contained the following spells:

 Spells                   Type           Power      Damage    Failure   Level
 Inner Flame              Hex/Fire       2%         N/A       56%         3
 Portal Projectile        Hex/Tloc       4%         N/A       56%         3
 Cause Fear               Hex            2%         N/A       83%         4

Inventory:

Hand Weapons
 Y - a +2 sling (weapon)
Armour
 a - a +0 pair of gloves (worn)
 c - a +0 robe (worn)
Scrolls
 b - a scroll of brand weapon {unknown}
 f - 3 scrolls of identify
Potions
 g - a potion of curing

Dungeon Overview and Level Annotations

Branches:
Dungeon (2/15)

Altars:

Annotations:
D:2 Robin


Message History

1185 ||| Stepping ~*~*~tactically~*~*~ (outnumbered).
The adder attacks as you move away! The adder barely misses you.
You feel sick.
You are no longer poisoned.
The adder misses you.
You shoot a sling bullet. The sling bullet hits the adder!
You kill the adder!
The quokka bites you. The goblin barely misses you. You furiously retaliate!
You headbutt the goblin. The quokka misses you.
You shoot a sling bullet.
The sling bullet barely misses the goblin.
The quokka misses you. The goblin barely misses you.
Robin roars a battlecry!
You shoot a sling bullet. The sling bullet hits the goblin.
You kill the goblin!
The quokka closely misses you. Robin throws the goblin at you!
The quokka bites you but does no damage.
You shoot a sling bullet. The sling bullet hits the goblin.
The goblin is heavily wounded.
Robin hits you from afar with a +0 spear.
The goblin hits you but does no damage.
The goblin unwields a +0 club.
The goblin wields a +0 sling.
The goblin shoots a sling bullet.
The sling bullet barely misses you. The quokka closely misses you.
You shoot a sling bullet. The sling bullet hits the goblin.
You kill the goblin!
The hobgoblin hits you but does no damage.
Robin throws the goblin at you!
The goblin unwields a +0 sling.
The goblin wields a +0 club.
The goblin barely misses you. The quokka barely misses you.
Robin hits you but does no damage. The hobgoblin closely misses you.
A goblin comes into view. It is wielding a +0 club.
You shoot a sling bullet.
The sling bullet closely misses the goblin.
The quokka misses you. You furiously retaliate!
You headbutt the quokka. The goblin barely misses you.
Robin throws the goblin at you! The hobgoblin hits you.
The goblin completely misses you. The quokka bites you.
You shoot a sling bullet. The sling bullet hits the quokka.
You kill the quokka!
The goblin hits you with a +0 club. The goblin hits you with a +0 dagger.
You die...

#.........#.......
#...........######
#.........######## .
#...>.....#....... #g
#...........###..> ..
#....##...####..<.
#.####..#..............
#....)gg..........##...
..#..gg)@g.########.##...
.......).#.# #..#...
..#.....)..# ###:....
........).## ....[...
#......#.%...# ...##...
.......#.#...............
...#####.#.....?.........
... ..#..........##### ..
.###....#.#..# #


You could see Robin, a hobgoblin (strong) and 3 goblins.

Vanquished Creatures
  Jessica (D:2)
  Terence (D:1)
  2 adders (D:2)
  2 dart slugs
  5 ball pythons
  8 endoplasms
  2 giant cockroaches (D:1)
  6 goblins (D:2)
  6 hobgoblins
  4 quokkas
  5 bats (D:1)
  2 kobolds (D:1)
  4 rats
48 creatures vanquished.

Notes
Turn   | Place    | Note
-------+----------+-------------------------------------------
     0 | D:1      | qw the Minotaur Hexslinger began the quest for the Orb.
     0 | D:1      | Reached XP level 1. HP: 16/16 MP: 1/1
     0 | D:1      | 0 ||| qw: Version: 0.3-a-52-g30416fa
     0 | D:1      | 0 ||| qw: Game counter: 7323
     0 | D:1      | 0 ||| qw: Melee chars always use a shield: true
     0 | D:1      | 0 ||| qw: God list: Okawaru
     0 | D:1      | 0 ||| qw: Allow faded altars: false
     0 | D:1      | 0 ||| qw: Do Orc after clearing Dungeon:15 true
     0 | D:1      | 0 ||| qw: Do second Lair branch before Depths: true
     0 | D:1      | 0 ||| qw: Lair rune preference: random
     0 | D:1      | 0 ||| qw: Goals: Normal
     0 | D:1      | 0 ||| PLANNING D:1-11
   107 | D:1      | Reached skill level 3 in Ranged Weapons
   107 | D:1      | Reached XP level 2. HP: 23/23 MP: 2/2
   308 | D:1      | Reached XP level 3. HP: 29/29 MP: 3/3
   786 | D:1      | 786 ||| READING scroll labelled YXOOKU WOSOTI.
   787 | D:1      | 787 ||| READING scroll labelled VAME VOIJEUCK.
   788 | D:1      | 788 ||| READING 4 scrolls labelled CONOXU WI SISK.
   789 | D:1      | 789 ||| READING scroll labelled WOIRHI GIJOSK.
   790 | D:1      | 790 ||| DRINKING 2 fuming sapphire potions.
   791 | D:1      | 791 ||| DROPPING scroll of poison.
   848 | D:2      | Noticed Terence
   854 | D:2      | 854 ||| STAIRDANCE
   854 | D:2      | Noticed Jessica
   868 | D:1      | HP: 6/29 [Terence/+0 short sword (5)]
   870 | D:1      | HP: 2/29 [Terence/+0 short sword (3)]
   872 | D:1      | Killed Terence
   873 | D:1      | Reached skill level 4 in Ranged Weapons
   986 | D:2      | Killed Jessica
   987 | D:2      | Reached XP level 4. HP: 35/36 MP: 4/4
   994 | D:2      | 994 ||| FLEEEEING.
   995 | D:2      | 995 ||| FLEEEEING.
   998 | D:2      | 998 ||| STAIRDANCE
  1041 | D:2      | Reached skill level 5 in Ranged Weapons
  1051 | D:2      | 1051 ||| FLEEEEING.
  1061 | D:2      | 1061 ||| STAIRDANCE
  1098 | D:1      | 1098 ||| UPGRADING to +0 pair of gloves.
  1176 | D:2      | Noticed Robin
  1185 | D:2      | 1185 ||| Stepping ~*~*~tactically~*~*~ (outnumbered).
  1185 | D:2      | HP: 9/37 [poisoned by an adder]
  1191 | D:2      | HP: 5/37 [Robin/goblin (2)]
  1191 | D:2      | HP: 2/37 [quokka (1)]
  1192 | D:2      | Slain by a goblin

Levels and vault maps discovered:
D:1:      co_arrival_square_in_a_square_in_a_square, layout_basic,
          nrook_mini_vaults, chequers_serial_rivers_room_b
D:2:      layout_rooms, minmay_increasing_density, uniq_robin, uniq_jessica,
          uniq_terence

Skill      XL: |  1  2  3  4 |
---------------+-------------+-----
Ranged Weapons | 3 4 5 |  5.0
Fighting       | 2 |  2.8
Dodging        | |  2.1
Spellcasting   | |  1.0
Hexes          | |  2.0

Action                     |  1- 3 |  4- 6 || total
---------------------------+-------+-------++-------
   Fire: Sling             |   111 |    43 ||   154
    Use: Scroll            |     4 |       ||     4
         Potion            |     1 |       ||     1
 Armour: Robe              |     5 |    10 ||    15
  Dodge: Dodged            |    32 |    22 ||    54

Table legend:
 A = Non-vault XP
 B = Vault XP
 C = Vault XP percentage of total XP
 D = Non-vault monster count
 E = Vault monster count
 F = Vault count percentage of total count
                 A         B        C        D         E       F
            +---------+---------+-------+---------+---------+-------
      Total |      91 |      93 |  50.5 |      36 |      12 |  25.0
            +---------+---------+-------+---------+---------+-------
        D:1 |      56 |      36 |  39.1 |      30 |       1 |   3.2
        D:2 |      35 |      57 |  62.0 |       6 |      11 |  64.7
            +---------+---------+-------+---------+---------+-------
